 Dungeon Crawl Stone Soup version 0.29-a0-830-gcb1280458a (webtiles) character file.

Game seed: 11025853928924981818

4062 RevDB the Fighter (level 10, -4/139 HPs)
             Began as a Minotaur Fighter on July 11, 2022.
             Was a Believer of Trog.
             Slain by a yak (10 damage)
             ... on level 8 of the Dungeon.
             The game lasted 01:10:02 (7524 turns).

RevDB the Fighter (Minotaur Fighter)                Turns: 7524, Time: 01:10:02

Health: -4/139     AC: 29    Str: 25    XL:     10   Next: 5%
Magic:  9/9        EV:  2    Int:  5    God:    Trog [**....]
Gold:   604        SH: 10    Dex: 10    Spells: 9/9 levels left

rFire   . . .      SeeInvis .   I - +1 hammer
rCold   . . .      Faith    .   F - +0 kite shield
rNeg    . . .      Spirit   .   (body armour currently unavailable)
rPois   +          Reflect  .   (helmet currently unavailable)
rElec   .          Harm     .   (cloak currently unavailable)
rCorr   .          Rampage  .   (gloves currently unavailable)
Will    +....      NoTele   +   (boots currently unavailable)
Stlth   +.........              (no amulet)
HPRegen 0.33/turn               g - +4 ring of protection
MPRegen 0.11/turn               h - ring of willpower

@: tree-form, on berserk cooldown
A: stationary, stasis, torment immunity, boosted hp, (horns 2), (retaliatory
headbutt)
a: Renounce Religion, Berserk, Trog's Hand


You were on level 8 of the Dungeon.
You worshipped Trog.
Trog was pleased with you.
You were a tree.
You visited 2 branches of the dungeon, and saw 9 of its levels.

You collected 604 gold pieces.

Inventory:

Hand Weapons
 a - a +0 flail
 n - a +0 morningstar
 r - a +3 dagger of venom
 H - a +3 quarterstaff of chaos
 I - a +1 hammer (weapon)
 K - a +2 whip of electrocution
Missiles
 e - 51 stones (quivered)
 f - 11 poisoned darts
 v - 5 boomerangs
Armour
 l - a +0 pair of boots (melded)
 y - a +1 ring mail of positive energy
 F - a +0 kite shield (worn)
 G - a +1 cloak of preservation (melded)
 M - a +2 chain mail of cold resistance (melded)
 N - a +0 robe of fire resistance
 R - a +0 pair of gloves (melded)
Jewellery
 b - a ring of fire
 g - a +4 ring of protection (left branch)
 h - a ring of willpower (right branch)
 C - a ring of wizardry
 U - a ring of poison resistance
Wands
 x - a wand of mindburst (20)
 E - a wand of light (15)
 L - a wand of paralysis (14)
 S - a wand of polymorph (12)
Scrolls
 c - a scroll of noise {unknown}
 i - 2 scrolls of immolation
 j - a scroll of summoning {unknown}
 k - 2 scrolls of enchant armour
 m - 2 scrolls of amnesia {unknown}
 o - a scroll of enchant weapon
 q - a scroll of poison {unknown}
 t - 4 scrolls of teleportation
 w - 2 scrolls of fear
 B - a scroll of blinking {unknown}
 D - a scroll of torment {unknown}
 J - a scroll of magic mapping {unknown}
 O - 3 scrolls of vulnerability
 P - a scroll of fog {unknown}
 T - a scroll of identify
Potions
 d - a potion of might
 p - 2 potions of curing
 s - 2 potions of heal wounds
 u - 3 potions of brilliance {unknown}
 z - 2 potions of attraction
 A - a potion of lignification
 Q - 2 potions of resistance {unknown}


   Skills:
 - Level 10.0 Fighting
 - Level 9.0 Maces & Flails
 - Level 2.0 Throwing
 - Level 9.0 Armour
 + Level 3.8 Dodging
 - Level 8.0 Shields


You had 9 spell levels left.
You didn't know any spells.
Your spell library contained the following spells:

 Spells                   Type           Power      Damage    Failure   Level
 Magic Dart               Conj           0%         1d3       78%         1
 Slow                     Hex            0%         N/A       78%         1
 Call Imp                 Summ           0%         N/A       89%         2
 Ensorcelled Hibernation  Hex/Ice        0%         N/A       89%         2
 Passwall                 Tmut/Erth      0%         N/A       89%         2
 Static Discharge         Conj/Air       0%         3-3/arc   89%         2
 Call Canine Familiar     Summ           0%         N/A       98%         3
 Confusing Touch          Hex            0%         N/A       98%         3
 Mephitic Cloud           Conj/Pois/Air  0%         N/A       98%         3
 Portal Projectile        Hex/Tloc       0%         N/A       98%         3
 Spider Form              Tmut/Pois      0%         N/A       98%         3
 Swiftness                Air            0%         N/A       98%         3
 Vampiric Draining        Necr           0%         2d6       98%         3
 Airstrike                Air            0%         0-1+      100%        4
 Anguish                  Hex/Necr       0%         N/A       100%        4
 Dispel Undead            Necr           0%         3d6       100%        4
 Leda's Liquefaction      Hex/Erth       0%         N/A       100%        4
 Sticky Flame             Conj/Fire      0%         2d3       100%        4
 Summon Lightning Spire   Summ/Air       0%         N/A       100%        4
 Lightning Bolt           Conj/Air       0%         1d11      100%        5


Dungeon Overview and Level Annotations

Branches:
Dungeon (8/15)             Temple (1/1) D:6
   Lair: D:8-11

Altars:
Ashenzari
Cheibriados
Dithmenos
Fedhas
Kikubaaqudgha
Makhleb
Nemelex Xobeh
Okawaru
Qazlal
Trog
Uskayaw
Vehumet
Xom
Yredelemnul
Zin
The Shining One

Portals:
Bailey: D:8


Innate Abilities, Weirdness & Mutations

You are a tree.
Your roots penetrate the ground, keeping you stationary.
You cannot be teleported.
You are immune to unholy pain and torment.
Your maximum health is greatly increased.
Your equipment is partially melded.
((You have a pair of horns on your head.))
((You reflexively headbutt those who attack you in melee.))


Message History

You hit the yak but do no damage.
The yak is lightly wounded.
The yak gores you but does no damage.
The hobgoblin hits you but does no damage.
The yak gores you but does no damage.
You hit the yak.
The yak is moderately wounded.
You feel yourself speed up.
The hobgoblin hits you but does no damage.
You block the yak's attack.
The hobgoblin hits you but does no damage.
You closely miss the yak.
The yak is moderately wounded.
The yak gores you but does no damage. You block the hobgoblin's attack.
The yak gores you.
* * * LOW HITPOINT WARNING * * *
You feel much better.
You hear the steady creaking of a portcullis very nearby.
The hobgoblin hits you from afar with a +0 spear.
* * * LOW HITPOINT WARNING * * *
The yak gores you!
* * * LOW HITPOINT WARNING * * *
You hit the yak but do no damage.
The yak is moderately wounded.
The hobgoblin hits you from afar with a +0 spear.
* * * LOW HITPOINT WARNING * * *
The yak completely misses you.
You sock the yak!
The yak is heavily wounded.
You block the hobgoblin's attack. The yak gores you!
* * * LOW HITPOINT WARNING * * *
You sock the yak!
The yak is severely wounded.
You block the hobgoblin's attack. The yak completely misses you.
You hit the yak.
The yak is almost dead.
The hobgoblin hits you from afar with a +0 spear.
* * * LOW HITPOINT WARNING * * *
The yak gores you!
You die...

.. #.##.##..#..#
###.........#
.........#
###.####..+
#..###..# #... ..
#.. # #.#.##...
#########♣......#
#....gggY†#..#..#
#####g##### .#
##.#####..#.
#######ggg)gg.....
........g†≈≈≈≈≈≈≈.
####.##.≈≈≈≈≈≈≈≈≈.
.. #
#.≈##'''##≈..#
#.#.: # ##.≈#
....#≈..# ....##


You could see a yak, 2 hobgoblins and 2 goblins.

Vanquished Creatures
  Pikel (D:6)
  A hornet (D:7)
  5 yaks (D:8)
  A steam dragon (D:6)
  Duvessa (D:4)
  3 water moccasins
  2 ice beasts (D:5)
  An ogre (D:5)
  2 centaurs
  A phantom (D:5)
  4 lemures (D:6)
  The ghost of coolguy69 the Sneak, an amateur VSMo (D:3)
  A bullfrog (D:8)
  2 necrophages
  3 scorpions
  5 wights
  Dowan (D:4)
  5 killer bees (D:7)
  An orc priest (D:3)
  A bullfrog skeleton (D:3)
  A hound (D:5)
  Crazy Yiuf (D:5)
  A centaur skeleton (D:3)
  6 iguanas
  Ijyb (D:5)
  6 orc wizards
  3 gnolls (D:5)
  7 adders
  A shadow imp (D:7)
  A white imp (D:7)
  2 worms
  3 dart slugs
  29 orcs
  2 bats
  7 endoplasms
  11 hobgoblins
  4 jackals
  10 kobolds
  4 quokkas
  4 ball pythons
  5 frilled lizards
  10 goblins
  3 rats
164 creatures vanquished.

Notes
Turn   | Place    | Note
-------+----------+-------------------------------------------
     0 | D:1      | RevDB the Minotaur Fighter began the quest for the Orb.
     0 | D:1      | Reached XP level 1. HP: 19/19 MP: 0/0
    39 | D:1      | Reached skill level 4 in Fighting
   113 | D:1      | Reached XP level 2. HP: 25/27 MP: 1/1
   532 | D:1      | Reached XP level 3. HP: 33/33 MP: 2/2
   705 | D:2      | Found a faded altar of an unknown god.
   877 | D:2      | Found a stormy altar of Qazlal.
   944 | D:2      | Reached skill level 5 in Fighting
  1281 | D:3      | Reached skill level 1 in Throwing
  1281 | D:3      | Reached XP level 4. HP: 42/42 MP: 3/3
  1392 | D:3      | Found a bloodstained altar of Trog.
  1404 | D:3      | Became a worshipper of Trog the Wrathful
  1533 | D:3      | Found a transporter.
  1827 | D:3      | Found a transporter.
  1829 | D:3      | Noticed coolguy69's ghost (amateur VSMo)
  1937 | D:3      | Killed coolguy69's ghost
  1938 | D:3      | Reached skill level 1 in Dodging
  1938 | D:3      | Reached XP level 5. HP: 34/48 MP: 4/4
  1946 | D:3      | Reached skill level 5 in Armour
  1952 | D:3      | Reached XP level 6. HP: 29/56 MP: 5/5
  2045 | D:4      | Noticed Duvessa
  2045 | D:4      | Noticed Dowan
  2067 | D:4      | Killed Duvessa
  2069 | D:4      | Killed Dowan
  2070 | D:4      | Reached skill level 5 in Maces & Flails
  2513 | D:4      | Found a basalt altar of Yredelemnul.
  2697 | D:5      | Entered Level 5 of the Dungeon
  2715 | D:4      | Reached XP level 7. HP: 43/61 MP: 6/6
  2852 | D:5      | Reached * piety under Trog
  2899 | D:5      | Reached skill level 6 in Fighting
  3220 | D:5      | Found a runed translucent door.
  3221 | D:5      | Noticed Crazy Yiuf
  3229 | D:5      | Killed Crazy Yiuf
  3553 | D:5      | Noticed Ijyb
  3559 | D:5      | Killed Ijyb
  3565 | D:5      | Reached skill level 5 in Shields
  3598 | D:5      | Reached XP level 8. HP: 11/71 MP: 7/7
  3601 | D:5      | Reached skill level 7 in Fighting
  4417 | D:6      | Reached ** piety under Trog
  4978 | D:6      | Noticed Pikel
  5036 | D:6      | Killed Pikel
  5037 | D:6      | Reached skill level 8 in Fighting
  5037 | D:6      | Reached XP level 9. HP: 47/81 MP: 8/8
  5048 | D:6      | Found a staircase to the Ecumenical Temple.
  5272 | Temple   | Entered the Ecumenical Temple
  5430 | D:6      | Found a shadowy altar of Dithmenos.
  6141 | D:7      | Reached skill level 9 in Fighting
  6657 | D:7      | Paralysed by a hornet for 2 turns
  7194 | D:8      | Found a glowing silver altar of Zin.
  7462 | D:8      | Found a flagged portal.
  7502 | D:8      | Reached skill level 10 in Fighting
  7502 | D:8      | Reached XP level 10. HP: 25/93 MP: 9/9
  7515 | D:8      | HP: 4/139 [hobgoblin/+0 spear (6)]
  7519 | D:8      | HP: 1/139 [yak (5)]
  7524 | D:8      | HP: 6/139 [hobgoblin/+0 spear (2)]
  7524 | D:8      | Slain by a yak

Illustrated notes

Levels and vault maps discovered:
D:1:      dpeg_arrival_rooms_with_view, layout_loops_ring
D:2:      layout_basic, shapermc_ecumenical_altar_ellora, basic_altar
D:3:      minmay_wonky_spiral, layout_rooms, marbit_many_paths,
          gammafunk_ghost_mausoleum, minmay_misc_feat_hallway,
          minmay_misc_feat_alley, supply_closet_lemuel
D:4:      layout_basic, mainiacjoe_overflow_small_starburst,
          serial_park_tiny_pond, uniq_duvessa
D:5:      layout_cave_pools, nicolae_concentric_dashed_squares_mild, uniq_ijyb,
          uniq_crazy_yiuf_cottage
D:6:      layout_loops_ring, kennysheep_little_box,
          minmay_temple_entry_crystal_x, uniq_pikel
D:7:      layout_layer_cave, moated_statue
D:8:      layout_basic, nicolae_overflow_hidden_temple,
          mainiacjoe_overflow_tiny_flanked, mainiacjoe_overflow_divided_tiny,
          enter_bailey_4
Temple:   chequers_temple_sunken

Skill      XL: |  1  2  3  4  5  6  7  8  9 |
---------------+----------------------------+-----
Fighting       | 4 5 6 8 10 | 10.0
Armour         | 4 5 6 7 8 9 |  9.0
Maces & Flails | 3 4 5 6 7 9 |  9.0
Shields        | 4 5 7 8 |  8.0
Throwing       | 1 2 |  2.0
Dodging        | 2 3 |  3.8

Action                   |  1- 3 |  4- 6 |  7- 9 | 10-12 || total
-------------------------+-------+-------+-------+-------++-------
Melee: Flail             |    16 |       |       |       ||    16
       Headbutt          |    20 |    26 |    65 |     2 ||   113
       Whip              |    99 |   170 |    82 |       ||   351
       Mace              |       |       |   286 |    15 ||   301
Invok: Berserk           |       |       |     4 |       ||     4
       Trog's Hand       |       |       |     2 |       ||     2
  Use: Scroll            |       |       |    10 |       ||    10
       Potion            |       |       |     1 |     2 ||     3
Armor: Scale mail        |    50 |    47 |       |       ||    97
       Ring mail         |       |     5 |    75 |       ||    80
       Chain mail        |       |       |   147 |     1 ||   148
       Skin              |       |       |       |    13 ||    13
Dodge: Dodged            |    36 |    50 |   128 |     7 ||   221
Block: Buckler           |    11 |    15 |       |       ||    26
       Kite shield       |       |     8 |   174 |    12 ||   194

Table legend: (Time is in decaauts)
 A = Elapsed time spent in this place.
 B = Non-inter-level travel time spent in this place.
 C = Inter-level travel time spent in this place.
 D = Time resting spent in this place.
 E = Time spent auto-exploring this place.
 F = Levels seen in this place.
 G = Mean time per level.
                   A        B        C        D        E       F      G
               +--------+--------+--------+--------+--------+-----+--------+
         Total |   7620 |   7467 |    153 |   1916 |   1147 |   9 |  846.7 |
       Dungeon |   7543 |   7390 |    153 |   1916 |   1147 |   8 |  942.9 |
        Temple |     77 |     77 |      0 |      0 |      0 |   1 |   77.0 |
               +--------+--------+--------+--------+--------+-----+--------+

Top non-repeatable levels by time:
     D:5: 1518 daAuts
     D:7: 1438 daAuts
     D:6: 1392 daAuts
     D:4: 781 daAuts
     D:3: 778 daAuts
     D:1: 659 daAuts
     D:2: 615 daAuts
     D:8: 358 daAuts
  Temple: 77 daAuts
